Ice Dragons vs Mustangs
Created - April 19, 2017 at 19:03
Goals
|
| Ice Dragons |
1 |
1 |
0 |
0 |
1 |
3 |
| Mustangs |
1 |
0 |
1 |
0 |
0 |
2 |
|
Shots
|
| Ice Dragons |
10 |
8 |
6 |
4 |
4 |
28 |
| Mustangs |
12 |
10 |
8 |
6 |
4 |
36 |
|
1st period
1. Ice Dragons , Michael Latta 31 (Petr Vrana 27, Alexander Urbom 9) at 15:59
2. Mustangs , Josh Jooris 4 (Riley Armstrong 65, Marcus Foligno 17) at 16:55
Penalties :
Tyler Haskins (Kin) for High sticking (Minor) at 12:02
2nd period
3. Ice Dragons , Jordan LaVallee 33 (Tomas Kudelka 16, Tyler Haskins 39) at 14:50 (PP)
Penalties :
Josh Jooris (Ham) for Tripping (Minor) at 1:40, Tomas Kudelka (Kin) for Holding (Minor) at 5:31, Scott Mayfield (Ham) for Fighting (Major) at 8:21, Troy Brouwer (Kin) for Fighting (Major) at 8:21, Troy Brouwer (Kin) for instigated a fight (Minor) at 8:21, Troy Brouwer (Kin) for instigated a fight (10 Minutes Misconduct) at 8:21, Scott Mayfield (Ham) for Holding (Minor) at 14:40
3rd period
4. Mustangs , Eric Wellwood 31 (Josh Jooris 6, Riley Armstrong 66) at 0:51
Penalties :
Brian Gionta (Kin) for Tripping (Minor) at 0:56, Tyler Haskins (Kin) for Interference (Minor) at 10:45, Riley Armstrong (Ham) for Hooking (Minor) at 17:56
Overtime #1
No Goal
Penalties :
No Penalty
Shootout
Penalty Shot by Patrick O'Sullivan for Ice Dragons - Stopped by Peter Mannino
Penalty Shot by Riley Armstrong for Mustangs - Shot Misses the Net
Penalty Shot by Troy Brouwer for Ice Dragons - Shot Misses the Net
Penalty Shot by Ben Eager for Mustangs - Stopped by Justin Pogge
Penalty Shot by Jordan LaVallee for Ice Dragons - Stopped by Peter Mannino
Penalty Shot by Eric Wellwood for Mustangs - Stopped by Justin Pogge
Penalty Shot by Brian Gionta for Ice Dragons - Goal!
Penalty Shot by Rick Schofield for Mustangs - Stopped by Justin Pogge
Penalties :
No Penalty
Goalie Stats
Justin Pogge (Kin), 34 saves from 36 shots - (0.944), W, 27-23-5, 65:00 minutes
Peter Mannino (Ham), 26 saves from 28 shots - (0.929), OTL, 25-17-8, 65:00 minutes
Players Stats for Ice Dragons
Player Name G A P +/- PIM S H SB GA TA FO MP PP MP PK MP
------------------------------------------------------------------------------------
Alexander Urbom 0 1 1 0 0 0 0 0 0 0 0/0 12:27 0:00 0:00
Brandon Kozun 0 0 0 1 0 0 0 0 0 0 1/1 15:06 0:00 0:00
Brian Gionta 0 0 0 -1 2 2 2 0 0 0 2/2 19:34 2:22 1:41
Ian Cole 0 0 0 -1 0 1 4 3 2 2 0/0 24:38 2:39 5:37
Joe Callahan 0 0 0 0 0 3 3 0 0 2 0/0 30:08 2:39 5:37
Jordan LaVallee 1 0 1 -1 0 3 2 2 0 0 0/1 21:18 1:46 4:11
Kevin Connauton 0 0 0 0 0 1 2 2 0 1 0/0 22:31 0:00 0:56
Logan MacMillan 0 0 0 0 0 0 2 0 0 0 0/0 6:24 0:10 0:00
Marek Viedensky 0 0 0 0 0 0 0 0 0 0 2/3 7:37 0:00 1:23
Michael Latta 1 0 1 1 0 4 3 0 1 0 5/11 14:47 0:00 3:10
Patrick Davis 0 0 0 0 0 0 0 0 0 0 0/1 3:47 0:00 0:00
Patrick O'Sullivan 0 0 0 -1 0 6 2 0 1 0 15/32 27:26 2:22 5:18
Petr Vrana 0 1 1 1 0 1 0 0 2 0 1/1 14:42 0:00 1:08
Ryan Reaves 0 0 0 -1 0 0 0 0 0 1 0/1 15:30 1:46 0:00
Samuel Groulx 0 0 0 0 0 1 1 1 0 4 0/0 20:57 1:29 4:18
Tomas Kudelka 0 1 1 -1 2 0 1 0 0 0 0/0 19:28 1:29 3:22
Troy Brouwer 0 0 0 -1 17 5 1 1 0 0 0/1 17:35 2:12 2:59
Tyler Haskins 0 1 1 -1 4 1 1 0 1 0 4/7 16:05 1:46 0:00
Players Stats for Mustangs
Player Name G A P +/- PIM S H SB GA TA FO MP PP MP PK MP
------------------------------------------------------------------------------------
Alexei Marchenko 0 0 0 0 0 2 0 0 0 0 0/0 13:11 0:00 0:00
Andrew Shaw 0 0 0 -1 0 5 3 0 0 1 0/1 16:38 4:35 0:00
Ben Eager 0 0 0 0 0 3 3 0 1 0 0/1 14:04 0:00 2:17
Cameron Gaunce 0 0 0 1 0 1 4 1 1 0 0/0 28:54 5:43 2:30
Denis Bodrov 0 0 0 0 0 0 2 2 0 0 0/0 23:35 4:12 1:38
Eric Gryba 0 0 0 1 0 1 0 2 0 1 0/0 28:03 5:43 2:24
Eric Wellwood 1 0 1 2 0 6 1 0 2 1 3/5 24:21 5:11 1:52
Francis Paré 0 0 0 0 0 2 2 2 1 0 0/0 9:00 0:00 0:00
Jerome Samson 0 0 0 0 0 0 0 0 0 0 0/1 9:51 0:21 0:00
Jim O'Brien 0 0 0 0 0 3 2 0 1 0 3/5 13:23 0:30 1:01
Josh Jooris 1 1 2 2 2 5 2 0 0 0 1/4 20:03 4:59 0:00
Joshua Leivo 0 0 0 0 0 0 1 0 0 1 0/1 9:00 0:00 0:00
Marcus Foligno 0 1 1 -1 0 2 3 0 1 0 0/0 18:12 4:35 0:51
Mark Pysyk 0 0 0 0 0 0 0 1 1 1 0/0 24:06 4:12 1:38
Rick Schofield 0 0 0 -1 0 2 1 1 0 1 8/11 18:51 4:35 1:07
Riley Armstrong 0 2 2 2 2 3 2 0 1 0 14/29 23:32 4:59 1:08
Riley Nash 0 0 0 0 0 1 1 0 1 0 2/3 9:00 0:00 0:00
Scott Mayfield 0 0 0 0 7 0 0 0 0 1 0/0 12:04 0:00 0:06
3 Stars
1 - Josh Jooris (Ham)
2 - Eric Wellwood (Ham)
3 - Michael Latta (Kin)
Power Play
Ice Dragons - 1 on 3 Attempt(s) - 33.33%
Mustangs - 0 on 5 Attempt(s) - 0.00%
Penalty Kill
Ice Dragons - 5 on 5 Attempt(s) - 100.00%
- Score 0 goal in Penalty Kill
Mustangs - 2 on 3 Attempt(s) - 66.67%
- Score 0 goal in Penalty Kill
Team Stat
Ice Dragons - Hits : 24 - Faceoff Wins : 30 - Blocked Shots : 9 - Penalty Minutes : 25
Mustangs - Hits : 27 - Faceoff Wins : 31 - Blocked Shots : 9 - Penalty Minutes : 11
Official
Referees : Devorski Paul and Walkom Stephen
Linesman : Derek Amell and Steve Miller
Game Notes
Scott Mayfield beats up Troy Brouwer at 8:21 of 2nd period
Finance
Level 1 -- Attendance: 1596 (79.80%) -- Ticket Income $63,840
Level 2 -- Attendance: 694 (69.40%) -- Ticket Income $13,880
Total Attendance: 2290 (76.33%)
Total Ticket Income: $77,720
Other Income: $3,886
Total Income: $81,606
Ice Dragons
5 vs 5 Forward
Center Left Wing Right Wing Time % Phy DF OF
1 Patrick O'Sullivan Troy Brouwer Brian Gionta 40 2 2 1
2 Tyler Haskins Jordan LaVallee Ryan Reaves 30 2 2 1
3 Michael Latta Petr Vrana Brandon Kozun 20 2 2 1
4 Marek Viedensky Logan MacMillan Patrick O'Sullivan 10 2 2 1
5 vs 5 Defense
Defense Defense Time % Phy DF OF
1 Joe Callahan Kevin Connauton 40 2 2 1
2 Tomas Kudelka Ian Cole 30 2 2 1
3 Samuel Groulx Alexander Urbom 20 2 2 1
4 Samuel Groulx Joe Callahan 10 2 2 1
PowerPlay Forward
Center Left Wing Right Wing Time % Phy DF OF
1 Patrick O'Sullivan Troy Brouwer Brian Gionta 60 1 1 3
2 Tyler Haskins Jordan LaVallee Ryan Reaves 40 1 1 3
PowerPlay Defense
Defense Defense Time % Phy DF OF
1 Joe Callahan Ian Cole 60 2 1 2
2 Samuel Groulx Tomas Kudelka 40 2 1 2
Penalty Kill 4 Players Forward
Center Wing Time % Phy DF OF
1 Patrick O'Sullivan Troy Brouwer 60 2 3 0
2 Jordan LaVallee Brian Gionta 40 2 3 0
Penalty Kill 4 Players Defense
Defense Defense Time % Phy DF OF
1 Joe Callahan Ian Cole 60 2 3 0
2 Samuel Groulx Tomas Kudelka 40 2 3 0
Penalty Kill - 3 Players Forward
Forward Time % Phy DF OF
1 Patrick O'Sullivan 60 1 4 0
2 Troy Brouwer 40 1 4 0
Penalty Kill - 3 Players Defense
Defense Defense Time % Phy DF OF
1 Joe Callahan Ian Cole 60 1 4 0
2 Samuel Groulx Tomas Kudelka 40 1 4 0
4 vs 4 Forward
Center Wing Time % Phy DF OF
1 Patrick O'Sullivan Troy Brouwer 60 2 2 1
2 Jordan LaVallee Brian Gionta 40 2 2 1
4 vs 4 Defense
Defense Defense Time % Phy DF OF
1 Joe Callahan Kevin Connauton 60 2 2 1
2 Samuel Groulx Ian Cole 40 2 2 1
Last Minutes Offensive
Center Left Wing Right Wing Defense Defense
Patrick O'Sullivan Troy Brouwer Brian Gionta Joe Callahan Ian Cole
Last Minutes Defensive
Center Left Wing Right Wing Defense Defense
Patrick O'Sullivan Troy Brouwer Brian Gionta Joe Callahan Tomas Kudelka
Goaltenders
Starting : Justin Pogge
Backup : Anders Nilsson
Extra Forwards
Normal : Brandon Kozun, Petr Vrana, Patrick Davis - PP : Logan MacMillan, Petr Vrana - PK : Michael Latta
Extra Defensemen
Normal : Kevin Connauton, Samuel Groulx, Alexander Urbom - PP : Samuel Groulx - PK : Tomas Kudelka, Kevin Connauton
Penalty Shots
Patrick O'Sullivan, Troy Brouwer, Jordan LaVallee, Brian Gionta, Petr Vrana
Scratches
Joey Hishon (Healthy), Brayden McNabb (Right Hand Injury), Bradley Malone (Healthy), Kyle Bigos (Healthy), Harru Sateri (Healthy)
Mustangs
5 vs 5 Forward
Center Left Wing Right Wing Time % Phy DF OF
1 Riley Armstrong Eric Wellwood Josh Jooris 40 1 2 2
2 Rick Schofield Marcus Foligno Andrew Shaw 30 1 2 2
3 Jim O'Brien Ben Eager Jerome Samson 20 1 2 2
4 Riley Nash Joshua Leivo Francis Paré 10 1 2 2
5 vs 5 Defense
Defense Defense Time % Phy DF OF
1 Eric Gryba Cameron Gaunce 43 1 2 2
2 Denis Bodrov Mark Pysyk 33 1 2 2
3 Alexei Marchenko Scott Mayfield 24 1 2 2
4 Eric Gryba Cameron Gaunce 0 1 2 2
PowerPlay Forward
Center Left Wing Right Wing Time % Phy DF OF
1 Riley Armstrong Eric Wellwood Josh Jooris 60 1 2 2
2 Rick Schofield Marcus Foligno Andrew Shaw 40 1 2 2
PowerPlay Defense
Defense Defense Time % Phy DF OF
1 Eric Gryba Cameron Gaunce 60 1 2 2
2 Denis Bodrov Mark Pysyk 40 1 2 2
Penalty Kill 4 Players Forward
Center Wing Time % Phy DF OF
1 Riley Armstrong Ben Eager 60 1 2 2
2 Eric Wellwood Rick Schofield 40 1 2 2
Penalty Kill 4 Players Defense
Defense Defense Time % Phy DF OF
1 Eric Gryba Cameron Gaunce 60 1 2 2
2 Denis Bodrov Mark Pysyk 40 1 2 2
Penalty Kill - 3 Players Forward
Forward Time % Phy DF OF
1 Riley Armstrong 60 1 2 2
2 Ben Eager 40 1 2 2
Penalty Kill - 3 Players Defense
Defense Defense Time % Phy DF OF
1 Eric Gryba Cameron Gaunce 60 1 2 2
2 Denis Bodrov Mark Pysyk 40 1 2 2
4 vs 4 Forward
Center Wing Time % Phy DF OF
1 Riley Armstrong Eric Wellwood 60 1 2 2
2 Rick Schofield Marcus Foligno 40 1 2 2
4 vs 4 Defense
Defense Defense Time % Phy DF OF
1 Eric Gryba Cameron Gaunce 60 1 2 2
2 Denis Bodrov Mark Pysyk 40 1 2 2
Last Minutes Offensive
Center Left Wing Right Wing Defense Defense
Riley Armstrong Eric Wellwood Josh Jooris Eric Gryba Cameron Gaunce
Last Minutes Defensive
Center Left Wing Right Wing Defense Defense
Riley Armstrong Eric Wellwood Josh Jooris Eric Gryba Cameron Gaunce
Goaltenders
Starting : Peter Mannino
Backup : Chet Pickard
Extra Forwards
Normal : Riley Armstrong, Rick Schofield, Jim O'Brien - PP : Marcus Foligno, Jim O'Brien - PK : Eric Wellwood
Extra Defensemen
Normal : Alexei Marchenko, Scott Mayfield, Denis Bodrov - PP : Alexei Marchenko - PK : Scott Mayfield, Denis Bodrov
Penalty Shots
Riley Armstrong, Ben Eager, Eric Wellwood, Rick Schofield, Marcus Foligno
Scratches
Roman Horak (Healthy), J.T. Wyman (Right Wrist Injury), Dominik Uher (Healthy), Joe Finley (Healthy), Eric Knodel (Healthy)
Curtis Hamilton (Healthy), Danny Biega (Healthy), Ryan Keller (Strained Left Elbow Injury), Justin Peters (Healthy), Joacim Eriksson (Healthy)
% Time on Ice - Ice Dragons
Lines # - Real PCT - Wanted PCT - Time Play
Normal Forward
1 - 31% - 40% - 14:03
2 - 31% - 30% - 14:17
3 - 25% - 20% - 11:23
4 - 14% - 10% - 6:14
Normal Defense
1 - 39% - 40% - 18:01
2 - 32% - 30% - 14:31
3 - 22% - 20% - 10:09
4 - 7% - 10% - 3:16
PP Forward
1 - 57% - 60% - 2:22
2 - 43% - 40% - 1:46
PP Defense
1 - 64% - 60% - 2:39
2 - 36% - 40% - 1:29
PK Forward
1 - 83% - 60% - 8:14
2 - 17% - 40% - 1:41
PK Defense
1 - 57% - 60% - 5:37
2 - 43% - 40% - 4:18
PK3 Forward
1 - 0% - 60%
2 - 0% - 40%
PK3 Defense
1 - 0% - 60%
2 - 0% - 40%
44 Forward
1 - 61% - 60% - 3:03
2 - 39% - 40% - 1:57
44 Defense
1 - 58% - 60% - 2:53
2 - 42% - 40% - 2:07
Last Minute Offensive - 0:00
Last Minute Defensive - 0:00
Total
Forward - 65:00
Defense - 65:00
|
% Time on Ice - Mustangs
Lines # - Real PCT - Wanted PCT - Time Play
Normal Forward
1 - 33% - 40% - 15:10
2 - 27% - 30% - 12:27
3 - 20% - 20% - 9:20
4 - 20% - 10% - 9:00
Normal Defense
1 - 38% - 43% - 17:20
2 - 34% - 33% - 15:47
3 - 28% - 24% - 12:50
4 - 0% - 0% - 0:00
PP Forward
1 - 54% - 60% - 5:20
2 - 46% - 40% - 4:35
PP Defense
1 - 58% - 60% - 5:43
2 - 42% - 40% - 4:12
PK Forward
1 - 90% - 60% - 3:43
2 - 10% - 40% - 0:25
PK Defense
1 - 60% - 60% - 2:30
2 - 40% - 40% - 1:38
PK3 Forward
1 - 0% - 60%
2 - 0% - 40%
PK3 Defense
1 - 0% - 60%
2 - 0% - 40%
44 Forward
1 - 86% - 60% - 4:17
2 - 14% - 40% - 0:43
44 Defense
1 - 60% - 60% - 3:01
2 - 40% - 40% - 1:59
Last Minute Offensive - 0:00
Last Minute Defensive - 0:00
Total
Forward - 65:00
Defense - 65:00
|
Play by Play
1st period
0:01 of 1st period - Patrick O'Sullivan wins face-off versus Riley Armstrong in neutral zone.
0:04 of 1st period - Wrist shot by Troy Brouwer.
0:04 of 1st period - Shot Misses the Net.
0:36 of 1st period - Wrist shot by Andrew Shaw.
0:36 of 1st period - Deflect By Marcus Foligno.
0:36 of 1st period - Shot Misses the Net.
0:36 of 1st period - Puck is out of play.
0:37 of 1st period - Jim O'Brien wins face-off versus Michael Latta in Ice Dragons zone.
1:02 of 1st period - Mark Pysyk is hit by Ian Cole and loses puck.
1:45 of 1st period - Slapshot by Rick Schofield.
1:45 of 1st period - Stopped by Justin Pogge with a rebound.
1:56 of 1st period - Icing by Marcus Foligno.
1:57 of 1st period - Michael Latta wins face-off versus Jerome Samson in Mustangs zone.
2:25 of 1st period - Snap shot by Brian Gionta.
2:25 of 1st period - Shot Blocked by Mark Pysyk.
2:27 of 1st period - Wrist shot by Brian Gionta.
2:27 of 1st period - Shot Blocked by Denis Bodrov.
2:45 of 1st period - Joe Callahan is hit by Marcus Foligno and loses puck.
2:54 of 1st period - Wrist shot by Marcus Foligno.
2:54 of 1st period - Deflect By Andrew Shaw.
2:54 of 1st period - Shot Blocked by Kevin Connauton.
2:54 of 1st period - Puck is out of play.
2:55 of 1st period - Patrick O'Sullivan wins face-off versus Riley Nash in Ice Dragons zone.
3:02 of 1st period - Snap shot by Patrick O'Sullivan.
3:02 of 1st period - Shot Misses the Net.
3:04 of 1st period - Wrist shot by Joe Callahan.
3:04 of 1st period - Shot Hit the Post.
3:06 of 1st period - Snap shot by Troy Brouwer.
3:06 of 1st period - Shot Misses the Net.
3:08 of 1st period - Wrist shot by Troy Brouwer.
3:08 of 1st period - Shot Misses the Net.
3:17 of 1st period - Icing by Alexei Marchenko.
3:18 of 1st period - Riley Nash wins face-off versus Ryan Reaves in Mustangs zone.
3:18 of 1st period - Riley Nash is hit by Jordan LaVallee.
3:47 of 1st period - Snap shot by Jim O'Brien.
3:47 of 1st period - Stopped by Justin Pogge without a rebound.
3:48 of 1st period - Jim O'Brien wins face-off versus Patrick O'Sullivan in Ice Dragons zone.
3:51 of 1st period - Snap shot by Ben Eager.
3:51 of 1st period - Stopped by Justin Pogge without a rebound.
3:52 of 1st period - Jim O'Brien wins face-off versus Troy Brouwer in Ice Dragons zone.
3:57 of 1st period - Slapshot by Jim O'Brien.
3:57 of 1st period - Stopped by Justin Pogge with a rebound.
4:10 of 1st period - Jim O'Brien is hit by Brian Gionta and loses puck.
4:50 of 1st period - Wrist shot by Tyler Haskins.
4:50 of 1st period - Stopped by Peter Mannino without a rebound.
4:51 of 1st period - Brian Gionta wins face-off versus Riley Armstrong in Mustangs zone.
4:52 of 1st period - Snap shot by Troy Brouwer.
4:52 of 1st period - Stopped by Peter Mannino with a rebound.
4:58 of 1st period - Slapshot by Patrick O'Sullivan.
4:58 of 1st period - Stopped by Peter Mannino without a rebound.
4:59 of 1st period - Patrick O'Sullivan wins face-off versus Riley Armstrong in Mustangs zone.
5:00 of 1st period - Snap shot by Troy Brouwer.
5:00 of 1st period - Stopped by Peter Mannino without a rebound.
5:01 of 1st period - Riley Armstrong wins face-off versus Patrick O'Sullivan in Mustangs zone.
5:16 of 1st period - Slapshot by Brian Gionta.
5:16 of 1st period - Deflect By Troy Brouwer.
5:16 of 1st period - Stopped by Peter Mannino without a rebound.
5:17 of 1st period - Rick Schofield wins face-off versus Marek Viedensky in Mustangs zone.
5:22 of 1st period - Logan MacMillan is hit by Rick Schofield and loses puck.
5:41 of 1st period - Joe Callahan is hit by Josh Jooris and loses puck.
5:51 of 1st period - Snap shot by Riley Armstrong.
5:51 of 1st period - Shot Blocked by Kevin Connauton.
6:29 of 1st period - Wrist shot by Patrick O'Sullivan.
6:29 of 1st period - Stopped by Peter Mannino with a rebound.
6:33 of 1st period - Slapshot by Troy Brouwer.
6:33 of 1st period - Shot Misses the Net.
7:34 of 1st period - Wrist shot by Riley Nash.
7:34 of 1st period - Stopped by Justin Pogge with a rebound.
8:03 of 1st period - Wrist shot by Marcus Foligno.
8:03 of 1st period - Stopped by Justin Pogge with a rebound.
8:13 of 1st period - Riley Armstrong is hit by Ian Cole.
8:18 of 1st period - Icing by Ian Cole.
8:19 of 1st period - Marek Viedensky wins face-off versus Riley Armstrong in Ice Dragons zone.
8:34 of 1st period - Snap shot by Eric Wellwood.
8:34 of 1st period - Stopped by Justin Pogge with a rebound.
10:15 of 1st period - Wrist shot by Kevin Connauton.
10:15 of 1st period - Shot Misses the Net.
10:59 of 1st period - Slapshot by Cameron Gaunce.
10:59 of 1st period - Shot Blocked by Samuel Groulx.
11:20 of 1st period - Snap shot by Jordan LaVallee.
11:20 of 1st period - Stopped by Peter Mannino without a rebound.
11:21 of 1st period - Rick Schofield wins face-off versus Michael Latta in Mustangs zone.
11:28 of 1st period - Slapshot by Marcus Foligno.
11:28 of 1st period - Stopped by Justin Pogge with a rebound.
12:02 of 1st period - Minor Penalty to Tyler Haskins for High sticking.
12:03 of 1st period - Riley Armstrong wins face-off versus Patrick O'Sullivan in Ice Dragons zone.
12:13 of 1st period - Snap shot by Riley Armstrong.
12:13 of 1st period - Stopped by Justin Pogge with a rebound.
12:33 of 1st period - Snap shot by Marcus Foligno.
12:33 of 1st period - Shot Blocked by Ian Cole.
12:35 of 1st period - Slapshot by Marcus Foligno.
12:35 of 1st period - Shot Misses the Net.
12:53 of 1st period - Samuel Groulx is hit by Cameron Gaunce.
13:11 of 1st period - Eric Gryba is hit by Michael Latta.
14:02 of 1st period - Penalty to Tyler Haskins is over, Tyler Haskins is back on ice.
15:05 of 1st period - Icing by Marcus Foligno.
15:06 of 1st period - Rick Schofield wins face-off versus Michael Latta in Mustangs zone.
15:24 of 1st period - Slapshot by Cameron Gaunce.
15:24 of 1st period - Deflect By Jerome Samson.
15:24 of 1st period - Shot Misses the Net.
15:24 of 1st period - Puck is out of play.
15:25 of 1st period - Riley Armstrong wins face-off versus Tyler Haskins in Ice Dragons zone.
15:52 of 1st period - Rick Schofield is hit by Michael Latta and loses puck.
15:57 of 1st period - Snap shot by Petr Vrana.
15:57 of 1st period - Stopped by Peter Mannino with a rebound.
15:59 of 1st period - Slapshot by Michael Latta.
15:59 of 1st period - Goal by Michael Latta - Ice Dragons : 1 - Mustangs : 0.
16:00 of 1st period - Josh Jooris wins face-off versus Patrick O'Sullivan in neutral zone.
16:13 of 1st period - Snap shot by Eric Wellwood.
16:13 of 1st period - Stopped by Justin Pogge with a rebound.
16:15 of 1st period - Snap shot by Riley Armstrong.
16:15 of 1st period - Deflect By Troy Brouwer.
16:15 of 1st period - Shot Misses the Net.
16:15 of 1st period - Puck is out of play.
16:16 of 1st period - Tyler Haskins wins face-off versus Rick Schofield in Ice Dragons zone.
16:16 of 1st period - Tyler Haskins is hit by Andrew Shaw.
16:32 of 1st period - Slapshot by Marcus Foligno.
16:32 of 1st period - Shot Misses the Net.
16:38 of 1st period - Cameron Gaunce is hit by Kevin Connauton and loses puck.
16:51 of 1st period - Slapshot by Marcus Foligno.
16:51 of 1st period - Shot Blocked by Troy Brouwer.
16:53 of 1st period - Wrist shot by Riley Armstrong.
16:53 of 1st period - Shot Misses the Net.
16:55 of 1st period - Snap shot by Josh Jooris.
16:55 of 1st period - Goal by Josh Jooris - Ice Dragons : 1 - Mustangs : 1.
16:56 of 1st period - Patrick O'Sullivan wins face-off versus Riley Armstrong in neutral zone.
17:27 of 1st period - Off-side.
17:28 of 1st period - Rick Schofield wins face-off versus Michael Latta in neutral zone.
17:37 of 1st period - Snap shot by Marcus Foligno.
17:37 of 1st period - Shot Misses the Net.
17:39 of 1st period - Snap shot by Marcus Foligno.
17:39 of 1st period - Shot Misses the Net.
17:54 of 1st period - Brian Gionta is hit by Jim O'Brien.
18:44 of 1st period - Slapshot by Joe Callahan.
18:44 of 1st period - Stopped by Peter Mannino without a rebound.
18:45 of 1st period - Marek Viedensky wins face-off versus Riley Armstrong in Mustangs zone.
19:14 of 1st period - Wrist shot by Andrew Shaw.
19:14 of 1st period - Stopped by Justin Pogge with a rebound.
19:33 of 1st period - Cameron Gaunce is hit by Patrick O'Sullivan and loses puck.
19:46 of 1st period - Eric Gryba is hit by Joe Callahan and loses puck.
Goals for this period are 1 for Ice Dragons vs 1 for Mustangs.
Shots for this period are 10 for Ice Dragons vs 12 for Mustangs.
2nd period
0:01 of 2nd period - Riley Armstrong wins face-off versus Patrick O'Sullivan in neutral zone.
0:56 of 2nd period - Slapshot by Eric Gryba.
0:56 of 2nd period - Stopped by Justin Pogge without a rebound.
0:57 of 2nd period - Riley Armstrong wins face-off versus Patrick O'Sullivan in Ice Dragons zone.
1:30 of 2nd period - Wrist shot by Brandon Kozun.
1:30 of 2nd period - Shot Blocked by Denis Bodrov.
1:32 of 2nd period - Snap shot by Michael Latta.
1:32 of 2nd period - Stopped by Peter Mannino with a rebound.
1:34 of 2nd period - Wrist shot by Petr Vrana.
1:34 of 2nd period - Shot Hit the Post.
1:40 of 2nd period - Minor Penalty to Josh Jooris for Tripping.
1:41 of 2nd period - Patrick O'Sullivan wins face-off versus Riley Armstrong in Mustangs zone.
1:42 of 2nd period - Snap shot by Troy Brouwer.
1:42 of 2nd period - Shot Misses the Net.
1:44 of 2nd period - Wrist shot by Joe Callahan.
1:44 of 2nd period - Stopped by Peter Mannino with a rebound.
1:46 of 2nd period - Snap shot by Troy Brouwer.
1:46 of 2nd period - Deflect By Riley Armstrong.
1:46 of 2nd period - Stopped by Peter Mannino without a rebound.
1:47 of 2nd period - Patrick O'Sullivan wins face-off versus Riley Armstrong in Mustangs zone.
1:58 of 2nd period - Eric Gryba is hit by Ian Cole and loses puck.
2:13 of 2nd period - Brian Gionta is hit by Riley Armstrong and loses puck.
2:39 of 2nd period - Wrist shot by Troy Brouwer.
2:39 of 2nd period - Deflect By Brian Gionta.
2:39 of 2nd period - Shot Misses the Net.
2:39 of 2nd period - Puck is out of play.
2:40 of 2nd period - Eric Wellwood wins face-off versus Jordan LaVallee in Mustangs zone.
2:45 of 2nd period - Jordan LaVallee is hit by Eric Wellwood and loses puck.
3:40 of 2nd period - Penalty to Josh Jooris is over, Josh Jooris is back on ice.
3:50 of 2nd period - Slapshot by Riley Nash.
3:50 of 2nd period - Shot Misses the Net.
3:52 of 2nd period - Wrist shot by Francis Paré.
3:52 of 2nd period - Shot Blocked by Ian Cole.
3:54 of 2nd period - Slapshot by Francis Paré.
3:54 of 2nd period - Stopped by Justin Pogge without a rebound.
3:55 of 2nd period - Michael Latta wins face-off versus Rick Schofield in Ice Dragons zone.
4:30 of 2nd period - Eric Gryba is hit by Jordan LaVallee and loses puck.
4:41 of 2nd period - Wrist shot by Ben Eager.
4:41 of 2nd period - Stopped by Justin Pogge with a rebound.
5:20 of 2nd period - Wrist shot by Riley Nash.
5:20 of 2nd period - Shot Misses the Net.
5:22 of 2nd period - Slapshot by Rick Schofield.
5:22 of 2nd period - Deflect By Petr Vrana.
5:22 of 2nd period - Shot Blocked by Ian Cole.
5:22 of 2nd period - Puck is out of play.
5:23 of 2nd period - Rick Schofield wins face-off versus Michael Latta in Ice Dragons zone.
5:28 of 2nd period - Wrist shot by Andrew Shaw.
5:28 of 2nd period - Stopped by Justin Pogge without a rebound.
5:29 of 2nd period - Tyler Haskins wins face-off versus Eric Wellwood in Ice Dragons zone.
5:31 of 2nd period - Minor Penalty to Tomas Kudelka for Holding.
5:32 of 2nd period - Riley Armstrong wins face-off versus Patrick O'Sullivan in Ice Dragons zone.
5:46 of 2nd period - Slapshot by Cameron Gaunce.
5:46 of 2nd period - Stopped by Justin Pogge with a rebound.
6:48 of 2nd period - Icing by Rick Schofield.
6:49 of 2nd period - Rick Schofield wins face-off versus Michael Latta in Mustangs zone.
7:24 of 2nd period - Snap shot by Andrew Shaw.
7:24 of 2nd period - Stopped by Justin Pogge with a rebound.
7:31 of 2nd period - Penalty to Tomas Kudelka is over, Tomas Kudelka is back on ice.
7:40 of 2nd period - Snap shot by Troy Brouwer.
7:40 of 2nd period - Stopped by Peter Mannino without a rebound.
7:41 of 2nd period - Petr Vrana wins face-off versus Jim O'Brien in Mustangs zone.
7:52 of 2nd period - Ian Cole is hit by Cameron Gaunce and loses puck.
8:12 of 2nd period - Off-side.
8:13 of 2nd period - Riley Armstrong wins face-off versus Patrick O'Sullivan in neutral zone.
8:20 of 2nd period - Snap shot by Brian Gionta.
8:20 of 2nd period - Shot Misses the Net.
8:21 of 2nd period - Scott Mayfield beats up Troy Brouwer.
8:21 of 2nd period - Penalty to Scott Mayfield for Fighting.
8:21 of 2nd period - Penalty to Troy Brouwer for Fighting.
8:21 of 2nd period - Penalty to Troy Brouwer for instigated a fight.
8:21 of 2nd period - Penalty to Troy Brouwer for instigated a fight.
8:22 of 2nd period - Michael Latta wins face-off versus Eric Wellwood in Mustangs zone.
8:31 of 2nd period - Snap shot by Riley Armstrong.
8:31 of 2nd period - Stopped by Justin Pogge without a rebound.
8:32 of 2nd period - Patrick O'Sullivan wins face-off versus Josh Jooris in Ice Dragons zone.
8:55 of 2nd period - Snap shot by Cameron Gaunce.
8:55 of 2nd period - Deflect By Josh Jooris.
8:55 of 2nd period - Shot Blocked by Jordan LaVallee.
8:55 of 2nd period - Puck is out of play.
8:56 of 2nd period - Rick Schofield wins face-off versus Patrick O'Sullivan in Ice Dragons zone.
10:21 of 2nd period - Penalty to Troy Brouwer is over, Brian Gionta is send on ice.
10:24 of 2nd period - Ian Cole is hit by Cameron Gaunce.
10:28 of 2nd period - Cameron Gaunce is hit by Ian Cole.
11:00 of 2nd period - Francis Paré is hit by Samuel Groulx and loses puck.
11:19 of 2nd period - Alexander Urbom is hit by Jim O'Brien.
11:42 of 2nd period - Kevin Connauton is hit by Francis Paré and loses puck.
12:07 of 2nd period - Ryan Reaves is hit by Denis Bodrov and loses puck.
13:07 of 2nd period - Marek Viedensky is hit by Andrew Shaw.
13:24 of 2nd period - Marcus Foligno is hit by Joe Callahan and loses puck.
13:49 of 2nd period - Snap shot by Francis Paré.
13:49 of 2nd period - Stopped by Justin Pogge without a rebound.
13:50 of 2nd period - Riley Nash wins face-off versus Patrick Davis in Ice Dragons zone.
14:09 of 2nd period - Ian Cole is hit by Riley Armstrong and loses puck.
14:40 of 2nd period - Minor Penalty to Scott Mayfield for Holding.
14:41 of 2nd period - Tyler Haskins wins face-off versus Riley Armstrong in Mustangs zone.
14:46 of 2nd period - Snap shot by Tyler Haskins.
14:46 of 2nd period - Shot Misses the Net.
14:48 of 2nd period - Slapshot by Jordan LaVallee.
14:48 of 2nd period - Shot Blocked by Eric Gryba.
14:50 of 2nd period - Slapshot by Tomas Kudelka.
14:50 of 2nd period - Deflect By Jordan LaVallee.
14:50 of 2nd period - Goal by Jordan LaVallee - Ice Dragons : 2 - Mustangs : 1.
14:51 of 2nd period - Tyler Haskins wins face-off versus Riley Armstrong in neutral zone.
15:00 of 2nd period - Slapshot by Tyler Haskins.
15:00 of 2nd period - Shot Misses the Net.
15:16 of 2nd period - Ryan Reaves is hit by Ben Eager and loses puck.
16:03 of 2nd period - Wrist shot by Eric Wellwood.
16:03 of 2nd period - Stopped by Justin Pogge with a rebound.
16:05 of 2nd period - Snap shot by Josh Jooris.
16:05 of 2nd period - Stopped by Justin Pogge with a rebound.
16:07 of 2nd period - Snap shot by Eric Wellwood.
16:07 of 2nd period - Shot Misses the Net.
16:17 of 2nd period - Wrist shot by Joe Callahan.
16:17 of 2nd period - Shot Misses the Net.
16:19 of 2nd period - Snap shot by Patrick O'Sullivan.
16:19 of 2nd period - Shot Misses the Net.
16:21 of 2nd period - Snap shot by Marek Viedensky.
16:21 of 2nd period - Shot Misses the Net.
16:23 of 2nd period - Snap shot by Logan MacMillan.
16:23 of 2nd period - Shot Misses the Net.
16:34 of 2nd period - Off-side.
16:35 of 2nd period - Patrick O'Sullivan wins face-off versus Ben Eager in neutral zone.
16:38 of 2nd period - Snap shot by Patrick O'Sullivan.
16:38 of 2nd period - Stopped by Peter Mannino without a rebound.
16:39 of 2nd period - Riley Armstrong wins face-off versus Patrick O'Sullivan in Mustangs zone.
17:29 of 2nd period - Slapshot by Petr Vrana.
17:29 of 2nd period - Shot Misses the Net.
17:43 of 2nd period - Wrist shot by Riley Armstrong.
17:43 of 2nd period - Shot Misses the Net.
18:00 of 2nd period - Icing by Josh Jooris.
18:01 of 2nd period - Patrick O'Sullivan wins face-off versus Josh Jooris in Mustangs zone.
18:04 of 2nd period - Wrist shot by Patrick O'Sullivan.
18:04 of 2nd period - Stopped by Peter Mannino with a rebound.
18:12 of 2nd period - Wrist shot by Patrick O'Sullivan.
18:12 of 2nd period - Stopped by Peter Mannino without a rebound.
18:13 of 2nd period - Patrick O'Sullivan wins face-off versus Andrew Shaw in Mustangs zone.
19:18 of 2nd period - Denis Bodrov is hit by Tomas Kudelka and loses puck.
19:45 of 2nd period - Snap shot by Brian Gionta.
19:45 of 2nd period - Shot Blocked by Rick Schofield.
Goals for this period are 1 for Ice Dragons vs 0 for Mustangs.
Shots for this period are 8 for Ice Dragons vs 10 for Mustangs.
3rd period
0:01 of 3rd period - Patrick O'Sullivan wins face-off versus Riley Armstrong in neutral zone.
0:04 of 3rd period - Josh Jooris is hit by Kevin Connauton and loses puck.
0:47 of 3rd period - Snap shot by Josh Jooris.
0:47 of 3rd period - Stopped by Justin Pogge with a rebound.
0:49 of 3rd period - Wrist shot by Eric Wellwood.
0:49 of 3rd period - Stopped by Justin Pogge with a rebound.
0:51 of 3rd period - Snap shot by Eric Wellwood.
0:51 of 3rd period - Goal by Eric Wellwood - Ice Dragons : 2 - Mustangs : 2.
0:52 of 3rd period - Rick Schofield wins face-off versus Patrick O'Sullivan in neutral zone.
0:56 of 3rd period - Minor Penalty to Brian Gionta for Tripping.
0:57 of 3rd period - Patrick O'Sullivan wins face-off versus Josh Jooris in Ice Dragons zone.
0:57 of 3rd period - Patrick O'Sullivan is hit by Cameron Gaunce.
1:07 of 3rd period - Wrist shot by Michael Latta.
1:07 of 3rd period - Shot Blocked by Cameron Gaunce.
2:56 of 3rd period - Penalty to Brian Gionta is over, Brian Gionta is back on ice.
3:21 of 3rd period - 10 Minutes Misconduct Penalty to Troy Brouwer is over.
3:22 of 3rd period - Francis Paré is hit by Brian Gionta.
4:52 of 3rd period - Brian Gionta is hit by Francis Paré and loses puck.
5:37 of 3rd period - Denis Bodrov is hit by Logan MacMillan.
5:49 of 3rd period - Tyler Haskins is hit by Riley Nash and loses puck.
6:07 of 3rd period - Wrist shot by Josh Jooris.
6:07 of 3rd period - Stopped by Justin Pogge without a rebound.
6:08 of 3rd period - Brian Gionta wins face-off versus Rick Schofield in Ice Dragons zone.
6:22 of 3rd period - Wrist shot by Marcus Foligno.
6:22 of 3rd period - Deflect By Andrew Shaw.
6:22 of 3rd period - Stopped by Justin Pogge without a rebound.
6:23 of 3rd period - Eric Wellwood wins face-off versus Patrick O'Sullivan in Ice Dragons zone.
6:50 of 3rd period - Joe Callahan is hit by Andrew Shaw.
8:16 of 3rd period - Off-side.
8:17 of 3rd period - Michael Latta wins face-off versus Riley Armstrong in neutral zone.
8:22 of 3rd period - Slapshot by Brandon Kozun.
8:22 of 3rd period - Shot Misses the Net.
8:24 of 3rd period - Wrist shot by Brandon Kozun.
8:24 of 3rd period - Deflect By Michael Latta.
8:24 of 3rd period - Stopped by Peter Mannino with a rebound.
8:32 of 3rd period - Snap shot by Brandon Kozun.
8:32 of 3rd period - Shot Misses the Net.
9:03 of 3rd period - Patrick O'Sullivan is hit by Joshua Leivo.
9:11 of 3rd period - Snap shot by Patrick O'Sullivan.
9:11 of 3rd period - Shot Blocked by Francis Paré.
9:13 of 3rd period - Snap shot by Brian Gionta.
9:13 of 3rd period - Stopped by Peter Mannino with a rebound.
9:15 of 3rd period - Slapshot by Brian Gionta.
9:15 of 3rd period - Shot Blocked by Francis Paré.
9:17 of 3rd period - Slapshot by Samuel Groulx.
9:17 of 3rd period - Stopped by Peter Mannino with a rebound.
9:19 of 3rd period - Slapshot by Patrick O'Sullivan.
9:19 of 3rd period - Stopped by Peter Mannino without a rebound.
9:20 of 3rd period - Riley Armstrong wins face-off versus Tyler Haskins in Mustangs zone.
9:20 of 3rd period - Riley Armstrong is hit by Tyler Haskins.
9:26 of 3rd period - Slapshot by Jordan LaVallee.
9:26 of 3rd period - Shot Misses the Net.
9:32 of 3rd period - Slapshot by Denis Bodrov.
9:32 of 3rd period - Shot Misses the Net.
10:15 of 3rd period - Snap shot by Andrew Shaw.
10:15 of 3rd period - Stopped by Justin Pogge with a rebound.
10:39 of 3rd period - Snap shot by Rick Schofield.
10:39 of 3rd period - Stopped by Justin Pogge without a rebound.
10:40 of 3rd period - Riley Armstrong wins face-off versus Tyler Haskins in Ice Dragons zone.
10:43 of 3rd period - Slapshot by Josh Jooris.
10:43 of 3rd period - Stopped by Justin Pogge with a rebound.
10:45 of 3rd period - Minor Penalty to Tyler Haskins for Interference.
10:46 of 3rd period - Patrick O'Sullivan wins face-off versus Riley Armstrong in Ice Dragons zone.
11:03 of 3rd period - Wrist shot by Jordan LaVallee.
11:03 of 3rd period - Shot Misses the Net.
11:15 of 3rd period - Jordan LaVallee is hit by Marcus Foligno and loses puck.
12:13 of 3rd period - Wrist shot by Jim O'Brien.
12:13 of 3rd period - Shot Misses the Net.
12:45 of 3rd period - Penalty to Tyler Haskins is over, Tyler Haskins is back on ice.
13:19 of 3rd period - Alexei Marchenko is hit by Logan MacMillan and loses puck.
15:44 of 3rd period - Joe Callahan is hit by Ben Eager and loses puck.
16:16 of 3rd period - Icing by Jordan LaVallee.
16:17 of 3rd period - Brandon Kozun wins face-off versus Joshua Leivo in Ice Dragons zone.
16:24 of 3rd period - Joshua Leivo is hit by Troy Brouwer and loses puck.
17:05 of 3rd period - Icing by Samuel Groulx.
17:06 of 3rd period - Michael Latta wins face-off versus Riley Armstrong in Ice Dragons zone.
17:06 of 3rd period - Michael Latta is hit by Josh Jooris.
17:12 of 3rd period - Denis Bodrov is hit by Michael Latta.
17:18 of 3rd period - Wrist shot by Michael Latta.
17:18 of 3rd period - Stopped by Peter Mannino without a rebound.
17:19 of 3rd period - Patrick O'Sullivan wins face-off versus Jim O'Brien in Mustangs zone.
17:51 of 3rd period - Wrist shot by Petr Vrana.
17:51 of 3rd period - Shot Blocked by Eric Gryba.
17:53 of 3rd period - Slapshot by Kevin Connauton.
17:53 of 3rd period - Stopped by Peter Mannino without a rebound.
17:54 of 3rd period - Riley Armstrong wins face-off versus Patrick O'Sullivan in Mustangs zone.
17:56 of 3rd period - Minor Penalty to Riley Armstrong for Hooking.
17:57 of 3rd period - Eric Wellwood wins face-off versus Patrick O'Sullivan in Mustangs zone.
19:56 of 3rd period - Penalty to Riley Armstrong is over, Riley Armstrong is back on ice.
Goals for this period are 0 for Ice Dragons vs 1 for Mustangs.
Shots for this period are 6 for Ice Dragons vs 8 for Mustangs.
Overtime #1
0:01 of 1st overtime period - Patrick O'Sullivan wins face-off versus Riley Armstrong in neutral zone.
0:16 of 1st overtime period - Wrist shot by Patrick O'Sullivan.
0:16 of 1st overtime period - Shot Misses the Net.
0:46 of 1st overtime period - Wrist shot by Brian Gionta.
0:46 of 1st overtime period - Shot Misses the Net.
0:48 of 1st overtime period - Wrist shot by Brian Gionta.
0:48 of 1st overtime period - Deflect By Jordan LaVallee.
0:48 of 1st overtime period - Stopped by Peter Mannino with a rebound.
0:50 of 1st overtime period - Snap shot by Ian Cole.
0:50 of 1st overtime period - Stopped by Peter Mannino with a rebound.
1:22 of 1st overtime period - Snap shot by Petr Vrana.
1:22 of 1st overtime period - Shot Misses the Net.
1:56 of 1st overtime period - Mark Pysyk is hit by Joe Callahan and loses puck.
2:05 of 1st overtime period - Brian Gionta is hit by Ben Eager and loses puck.
2:12 of 1st overtime period - Wrist shot by Ben Eager.
2:12 of 1st overtime period - Shot Blocked by Jordan LaVallee.
2:14 of 1st overtime period - Wrist shot by Alexei Marchenko.
2:14 of 1st overtime period - Shot Misses the Net.
2:16 of 1st overtime period - Slapshot by Alexei Marchenko.
2:16 of 1st overtime period - Stopped by Justin Pogge with a rebound.
2:24 of 1st overtime period - Slapshot by Ben Eager.
2:24 of 1st overtime period - Stopped by Justin Pogge with a rebound.
2:26 of 1st overtime period - Snap shot by Jim O'Brien.
2:26 of 1st overtime period - Stopped by Justin Pogge with a rebound.
2:28 of 1st overtime period - Snap shot by Alexei Marchenko.
2:28 of 1st overtime period - Stopped by Justin Pogge with a rebound.
2:38 of 1st overtime period - Wrist shot by Brian Gionta.
2:38 of 1st overtime period - Shot Misses the Net.
2:58 of 1st overtime period - Slapshot by Brian Gionta.
2:58 of 1st overtime period - Stopped by Peter Mannino with a rebound.
3:00 of 1st overtime period - Slapshot by Joe Callahan.
3:00 of 1st overtime period - Stopped by Peter Mannino without a rebound.
3:01 of 1st overtime period - Riley Armstrong wins face-off versus Patrick O'Sullivan in Mustangs zone.
3:01 of 1st overtime period - Riley Armstrong is hit by Patrick O'Sullivan.
3:13 of 1st overtime period - Backhand shot by Riley Armstrong.
3:13 of 1st overtime period - Stopped by Justin Pogge without a rebound.
3:14 of 1st overtime period - Riley Armstrong wins face-off versus Patrick O'Sullivan in Ice Dragons zone.
3:15 of 1st overtime period - Snap shot by Eric Wellwood.
3:15 of 1st overtime period - Stopped by Justin Pogge without a rebound.
3:16 of 1st overtime period - Riley Armstrong wins face-off versus Patrick O'Sullivan in Ice Dragons zone.
3:25 of 1st overtime period - Patrick O'Sullivan is hit by Denis Bodrov and loses puck.
3:56 of 1st overtime period - Samuel Groulx is hit by Marcus Foligno and loses puck.
Goals for this period are 0 for Ice Dragons vs 0 for Mustangs.
Shots for this period are 4 for Ice Dragons vs 6 for Mustangs.
ShootOut
5:00 of 1st overtime period - Penalty Shot by Patrick O'Sullivan for Ice Dragons.
5:00 of 1st overtime period - Backhand shot by Patrick O'Sullivan.
5:00 of 1st overtime period - Stopped by Peter Mannino.
5:00 of 1st overtime period - Penalty Shot by Riley Armstrong for Mustangs.
5:00 of 1st overtime period - Deke by Riley Armstrong.
5:00 of 1st overtime period - Shot Misses the Net.
5:00 of 1st overtime period - Penalty Shot by Troy Brouwer for Ice Dragons.
5:00 of 1st overtime period - Deke by Troy Brouwer.
5:00 of 1st overtime period - Shot Misses the Net.
5:00 of 1st overtime period - Penalty Shot by Ben Eager for Mustangs.
5:00 of 1st overtime period - Snap shot by Ben Eager.
5:00 of 1st overtime period - Stopped by Justin Pogge.
5:00 of 1st overtime period - Penalty Shot by Jordan LaVallee for Ice Dragons.
5:00 of 1st overtime period - Backhand shot by Jordan LaVallee.
5:00 of 1st overtime period - Stopped by Peter Mannino.
5:00 of 1st overtime period - Penalty Shot by Eric Wellwood for Mustangs.
5:00 of 1st overtime period - Deke by Eric Wellwood.
5:00 of 1st overtime period - Stopped by Justin Pogge.
5:00 of 1st overtime period - Penalty Shot by Brian Gionta for Ice Dragons.
5:00 of 1st overtime period - Snap shot by Brian Gionta.
5:00 of 1st overtime period - Goal by Brian Gionta.
5:00 of 1st overtime period - Penalty Shot by Rick Schofield for Mustangs.
5:00 of 1st overtime period - Wrist shot by Rick Schofield.
5:00 of 1st overtime period - Stopped by Justin Pogge.
Back to the Top